 Dungeon Crawl Stone Soup version 0.20.0-15-g7f486f2 (console) character file.

2693 removed the Nimble (level 9, -1/54 (55) HPs)
             Began as a Deep Elf Fighter on June 11, 2017.
             Was an Initiate of Ru.
             Slain by a wight
             ... wielding a +3 trident
              (3 damage)
             ... on level 8 of the Dungeon.
             The game lasted 00:13:11 (8092 turns).

removed the Nimble (Deep Elf Fighter)               Turns: 8092, Time: 00:13:12

HP:   -1/54 (55)    AC: 11    Str: 13    XL:     9   Next: 38%
MP:   11/11         EV: 14    Int: 14    God:    Ru [......]
Gold: 422           SH:  8    Dex: 17    Spells: 8/8 levels left

rFire    . . .     SeeInvis .   a - +1 dagger (venom)
rCold    . . .     Gourm    .   c - +0 shield
rNeg     . . .     Faith    +   o - +0 scale mail
rPois    .         Spirit   .   (no helmet)
rElec    .         Reflect  .   (no cloak)
rCorr    .         Harm     .   B - +1 pair of gloves
MR       .....                  n - +2 pair of boots
Stlth    ..........             D - amulet of faith
Regen    0.2/turn               y - +3 ring of evasion
MPRegen  0.2/turn               (no ring)

@: very slightly contaminated
A: no stealth
a: Renounce Religion


You were on level 8 of the Dungeon.
You worshipped Ru.
Ru was noncommittal.
You were not hungry.

You visited 1 branch of the dungeon, and saw 8 of its levels.

You collected 422 gold pieces.

Inventory:

Hand Weapons
 a - a +1 dagger of venom (weapon)
 b - a +1 long sword
 F - the +1 short sword of the Doomed Warrior {freeze, Dex+6}
   (You found it on level 5 of the Dungeon)

   It has been specially enchanted to freeze those struck by it, causing extra
   injury to most foes and up to half again as much damage against particularly
   susceptible opponents.
   It can also slow down cold-blooded creatures.
   It affects your dexterity (+6).
Armour
 c - a +0 shield (worn)
 k - a +0 chain mail
 n - a +2 pair of boots (worn)
 o - a +0 scale mail (worn)
 B - a +1 pair of gloves (worn)
Magical Staves
 P - an uncursed staff of fire {unknown}
Jewellery
 y - a +3 ring of evasion (left hand)
 D - an amulet of faith (around neck)
 G - an uncursed ring of protection from fire {unknown}
Wands
 H - a wand of digging (13/24)
Scrolls
 g - 6 scrolls of teleportation
 u - a scroll of fog
 w - a scroll of recharging
 I - a scroll of enchant weapon
 N - a scroll of noise {unknown}
Potions
 d - a potion of might
 p - 3 potions of cancellation
 x - 3 potions of curing
 A - 3 potions of lignification
 K - 2 potions of heal wounds {unknown}
 L - 2 potions of haste {unknown}
Comestibles
 f - 5 bread rations
 q - 2 royal jellies
 r - 6 meat rations
 s - 2 fruits


   Skills:
 + Level 5.8 Fighting
 - Level 8.0 Long Blades
 - Level 2.4 Armour
 - Level 8.7 Dodging
 - Level 2.4 Shields


You had 8 spell levels left.
You didn't know any spells.

Dungeon Overview and Level Annotations

Branches:
Dungeon (8/15)             Temple (0/1) D:7
   Lair: D:8-11

Altars:
Cheibriados
Dithmenos
Fedhas
Gozag
Kikubaaqudgha
Makhleb
Okawaru
Ru
Trog
Vehumet
The Shining One

Annotations:
D:3 removed's ghost, amateur DEFi


Innate Abilities, Weirdness & Mutations

You cannot be stealthy.


Message History

You block the wight's attack. The wight misses you.
The wight closely misses you. The wight barely misses you.
The orc hits you but does no damage.
You hit the wight but do no damage.
The wight is moderately damaged.
The brown ugly thing looks more healthy.
The wight hits you but does no damage.
The wight hits you from afar with an enchanted trident.
* * * LOW HITPOINT WARNING * * *
The wight hits you but does no damage. The wight closely misses you.
The orc misses you.
You hit the wight.
The wight is moderately damaged.
The brown ugly thing tentacle-slaps you.
* * * LOW HITPOINT WARNING * * *
You are splashed with acid!
The acid burns!
* * * LOW HITPOINT WARNING * * *
The wight closely misses you.
The wight hits you from afar with an enchanted trident.
You die...

......... ....
##......... ...
.........# #..
#####.......####).
#.Z..g........ ...
#o.ol.......# #.
#zOzo.......###.#>
#uooog..........#.
#@za.o..##o..# ##.
#zzo.......# #..
#.......##.# #..
#.......##.# #.รท
#.......##o# #..
#.......##o#######
##########.##.....
#o##.....
#.##.....


You could see a brown ugly thing, an orc warrior, a wyvern, an ogre, a worker
ant, 5 wights, an orc wizard, 6 orcs, 2 goblins and a quokka skeleton.

Vanquished Creatures
  A hippogriff (D:5)
  Sigmund (D:5)
  An orc warrior (D:7)
  2 sky beasts
  2 phantoms
  A black bear (D:6)
  An ogre (D:5)
  A necrophage (D:5)
  4 centaurs
  8 bullfrogs
  2 scorpions
  2 crimson imps
  A bullfrog zombie (D:6)
  2 hounds
  3 orc wizards
  A jelly (D:7)
  7 worker ants
  2 hound zombies
  7 adders
  8 gnolls
  An ooze (D:1)
  3 worms
  4 dart slugs
  7 leopard geckos
  10 orcs
  A ball python (D:3)
  6 bats
  3 giant cockroaches
  6 hobgoblins
  14 jackals
  3 kobolds
  4 quokkas
  6 frilled lizards
  9 goblins
  A jackal skeleton (D:6)
  A quokka skeleton (D:5)
  6 rats
142 creatures vanquished.

Notes
Turn   | Place    | Note
-------+----------+-------------------------------------------
     0 | D:1      | removed the Deep Elf Fighter began the quest for the Orb.
     0 | D:1      | Reached XP level 1. HP: 13/13 MP: 3/3
   131 | D:1      | Reached XP level 2. HP: 13/18 MP: 4/4
   603 | D:1      | Reached XP level 3. HP: 22/22 MP: 5/5
  1592 | D:2      | Reached XP level 4. HP: 24/27 MP: 6/6
  1907 | D:3      | Found an ancient bone altar of Kikubaaqudgha.
  1909 | D:3      | Found an opulent altar of Gozag.
  1909 | D:3      | Found an iron altar of Okawaru.
  1909 | D:3      | Found a radiant altar of Vehumet.
  1909 | D:3      | Found a burning altar of Makhleb.
  2165 | D:3      | Noticed removed's ghost (amateur DEFi)
  2253 | D:3      | You fall through a shaft!
  2358 | D:4      | Found a glowing golden altar of the Shining One.
  2395 | D:4      | Found a shadowy altar of Dithmenos.
  2748 | D:4      | Noticed an ogre
  3062 | D:2      | Reached XP level 5. HP: 30/31 MP: 7/7
  3095 | D:3      | Reached skill level 5 in Long Blades
  3457 | D:3      | Found a sacrificial altar of Ru.
  3502 | D:3      | Became a worshipper of Ru the Awakened
  4027 | D:4      | Reached XP level 6. HP: 33/36 MP: 8/8
  4067 | D:5      | Entered Level 5 of the Dungeon
  4390 | D:5      | Noticed a hippogriff
  4655 | D:5      | Killed a hippogriff
  4655 | D:5      | Reached XP level 7. HP: 27/40 MP: 9/9
  4833 | D:5      | Got a shimmering short sword
  4834 | D:5      | Identified the cursed +1 short sword of the Doomed Warrior {freeze, Dex+6} (You found it on level 5 of the Dungeon)
  5025 | D:5      | Noticed Sigmund
  5041 | D:5      | Killed Sigmund
  5286 | D:5      | Reached XP level 8. HP: 28/44 MP: 10/10
  5314 | D:5      | Reached skill level 5 in Dodging
  5401 | D:5      | Found a blossoming altar of Fedhas.
  5928 | D:5      | Gained mutation: You cannot be stealthy. [Ru sacrifice]
  6029 | D:6      | Found a bloodstained altar of Trog.
  6211 | D:6      | Found a radiant altar of Vehumet.
  7248 | D:7      | Reached XP level 9. HP: 45/51 MP: 11/11
  7404 | D:7      | Found a snail-covered altar of Cheibriados.
  7602 | D:7      | Found a staircase to the Ecumenical Temple.
  7631 | D:7      | Reached skill level 5 in Fighting
  7738 | D:8      | Noticed a two-headed ogre
  7803 | D:8      | Noticed a brown ugly thing
  8092 | D:8      | HP: 2/54 [acid (7)]
  8092 | D:8      | Slain by a wight

Skill      XL: |  1  2  3  4  5  6  7  8  9 |
---------------+----------------------------+-----
Long Blades    | 2 3 4 5 7 8 |  8.0
Dodging        | 4 8 |  8.7
Fighting       | 3 5 |  5.8
Armour         | |  2.4
Shields        | |  2.4

Action                   |  1- 3 |  4- 6 |  7- 9 || total
-------------------------+-------+-------+-------++-------
Melee: Long sword        |    92 |    10 |    61 ||   163
       Dagger            |    19 |   165 |   355 ||   539
       Short sword       |       |       |    19 ||    19
Invok: Sacrifice Stealth |       |       |     1 ||     1
  Use: Scroll            |       |       |    13 ||    13
       Potion            |       |       |     1 ||     1
 Stab: Invisible         |       |       |     1 ||     1
  Eat: Chunk             |     2 |     9 |    12 ||    23
Armor: Scale mail        |    45 |    59 |   116 ||   220
Dodge: Dodged            |    27 |    37 |   211 ||   275
Block: Shield            |    48 |    51 |   171 ||   270
       Rpst.: Long sword |    10 |     1 |     6 ||    17
